 Dungeon Crawl Stone Soup version 0.28-a0-769-g550dbda0cd (webtiles) character file.

Game seed: 9641087554025766964

5 spiderkeys the Skirmisher (level 1, -3/14 HPs)
             Began as a Gargoyle Abyssal Knight on Oct 31, 2021.
             Was a Follower of Lugonu.
             Slain by a thrashing horror (6 damage)
             ... on level 3 of the Abyss.
             The game lasted 00:00:32 (98 turns).

spiderkeys the Skirmisher (Gargoyle Abyssal Knight)   Turns: 98, Time: 00:00:33

Health: -3/14      AC:  5    Str: 16    XL:     1   Next: 80%
Magic:  2/2        EV: 11    Int: 10    God:    Lugonu [*.....]
Gold:   7          SH:  0    Dex: 10    Spells: 0/0 levels left

rFire   . . .      SeeInvis .   a - +1 mace
rCold   . . .      Faith    .   (no shield)
rNeg    + . .      Spirit   .   b - +0 leather armour
rPois   ∞          Reflect  .   (no helmet)
rElec   +          Harm     .   (no cloak)
rCorr   .          Rampage  .   (no gloves)
Will    .....                   (no boots)
Stlth   +.........              (no amulet)
HPRegen 0.04/turn               (no ring)
MPRegen 0.08/turn               (no ring)

@: no status effects
A: sickness immunity, AC +2, negative energy resistance 1, electricity
resistance, torment resistance 1, petrification resistance
a: Renounce Religion, Depart the Abyss


You were on level 3 of the Abyss.
You worshipped Lugonu.
Lugonu was aware of your devotion.
You visited 0 branches of the dungeon, and saw 0 of its levels.
You visited the Abyss 1 time.

You collected 7 gold pieces.


Innate Abilities, Weirdness & Mutations

You are immune to sickness and miasma.
Your stone body is resilient. (AC +2)
You are immune to poison.
You resist negative energy. (rN+)
You are resistant to electric shocks. (rElec)
You are resistant to unholy torment.
You are immune to petrification.


   Skills:
 + Level 3.4 Fighting
 + Level 2.1 Maces & Flails
 + Level 2.3 Armour
 - Level 0.7 Dodging
 + Level 2.1 Invocations


You couldn't memorise any spells.
You didn't know any spells.
Your spell library was empty.

Inventory:

Hand Weapons
 a - a +1 mace (weapon)
Armour
 b - a +0 leather armour (worn)

Dungeon Overview and Level Annotations

Branches:
Dungeon (0/15)

Altars:

# ## #. .# #### .#
#.. #. ##.. ##.#
##.#.
#.##.#.##..##....#
####..##.#...##....#.
............#........
....#....#.#....# . .
...
........@X#.##....#
#.#.....##.....#.....
#.........#.....#
##....#.##..#.##...#
#.....# #.#........
♣......#....#....
♣......∩..####.#≈≈.
♣......#.#.. .#≈ .#
#......#.##..#.♣. .


You could see a thrashing horror.


Message History

🤖 Initializing magus.rc ... ✅ Successfully initialized magus.rc [v1.9.10] Welcome, spiderkeys the Gargoyle Abyssal Knight.
You hope this place has the Orb of Zot, because it sure as hell doesn't have any candy.
Lugonu says: Depart the Abyss and spread corruption, my servant! (use the ability menu to exit the Abyss) Press ? for a list of commands and other information.
Found a corrupted altar of Lugonu and an opulent altar of Gozag.
Found a gateway leading out of the Abyss.
Found two gateways leading deeper into the Abyss.
You now have 7 gold pieces.
There is a gateway leading deeper into the Abyss here.
You plunge deeper into the Abyss.
c - a scroll labelled LUCWOI HEFOWNO
Found a sparkling altar of Nemelex Xobeh.
Found a gateway leading deeper into the Abyss.
An ufetubus comes into view.
The ufetubus shouts!
Found a gateway leading deeper into the Abyss.
You miss the ufetubus. The ufetubus hits you.
The ufetubus closely misses you. x2
The ufetubus hits you but does no damage. 😕 HP[-2]
You take 2 damage, and now have 12/14 hp.
You miss the ufetubus. The ufetubus closely misses you.
The ufetubus hits you but does no damage. x2
The ufetubus barely misses you.
You closely miss the ufetubus. The ufetubus closely misses you.
The ufetubus barely misses you. The ufetubus closely misses you.
The ufetubus hits you but does no damage.
You hit the ufetubus. The ufetubus barely misses you. x4
You hit the ufetubus.
You kill the ufetubus! 😕 HP[+1]
There is a gateway leading deeper into the Abyss here.
There is a gateway leading deeper into the Abyss, spattered with blood here.
You plunge deeper into the Abyss.
The abyssal rune of Zot can be found at this depth.
There is an empty arch of ancient stone here.
A thrashing horror comes into view.
The thrashing horror moves out of view.
The thrashing horror roars!
As you read the scroll labelled LUCWOI HEFOWNO, it crumbles to dust.
It is a scroll of identify.
You don't have any unidentified items.
The thrashing horror tramples you!
Ouch! That really hurt!
* * * LOW HITPOINT WARNING * * *
You stumble backwards! 😨 HP[-8]
You take 8 damage, and now have 5/14 hp.
MASSIVE DAMAGE!! (PAUSE)
The thrashing horror roars!
The thrashing horror tramples you.
* * * LOW HITPOINT WARNING * * *
You hold your ground!
The thrashing horror tramples you but does no damage. 😱 HP[-3]
You take 3 damage, and now have 2/14 hp.
MASSIVE DAMAGE!! (PAUSE)
The thrashing horror tramples you.
You die...

Action                   || total
-------------------------++-------
Melee: Mace              ||     5
  Use: Scroll            ||     1
Armor: Leather armour    ||     5
Dodge: Dodged            ||    11

Levels and vault maps discovered:
Abyss:3:  base: Temple, evilmike_abyss_rune_siren_acolytes,
          small_statue_intersection

Notes
Turn   | Place    | Note
-------+----------+-------------------------------------------
     0 | Abyss:1  | spiderkeys the Gargoyle Abyssal Knight began the quest for
                  | the Orb.
     0 | Abyss:1  | Reached XP level 1. HP: 14/14 MP: 2/2
     0 | Abyss:1  | magus.rc [v1.9.10]
    57 | Abyss:2  | Found a sparkling altar of Nemelex Xobeh.
    93 | Abyss:3  | Noticed a thrashing horror
    97 | Abyss:3  | HP: 2/14 [thrashing horror (3)]
    98 | Abyss:3  | Slain by a thrashing horror

Vanquished Creatures
  An ufetubus (Abyss:2)
1 creature vanquished.

Table legend:
 A = Non-vault XP
 B = Vault XP
 C = Vault XP percentage of total XP
 D = Non-vault monster count
 E = Vault monster count
 F = Vault count percentage of total count
                 A         B        C        D         E       F
            +---------+---------+-------+---------+---------+-------
      Total |       8 |       0 |   0.0 |       1 |       0 |   0.0
            +---------+---------+-------+---------+---------+-------
    Abyss:2 |       8 |       0 |   0.0 |       1 |       0 |   0.0
            +---------+---------+-------+---------+---------+-------

Illustrated notes

Table legend:
 A = Kills in this place as a percentage of kills in entire the game.
 B = Kills by you in this place as a percentage of kills by you in the entire game.
 C = Kills by friends in this place as a percentage of kills by friends in the entire game.
 D = Other kills in this place as a percentage of other kills in the entire game.
 E = Experience gained in this place as a percentage of experience gained in the entire game.
 F = Experience gained in this place divided by the number of levels of this place that you have seen.
                   A       B       C       D       E      F
               +-------+-------+-------+-------+-------+----------------------
         Total | 100.0 | 100.0 |   N/A |   N/A | 100.0 |   2.7
         Abyss | 100.0 | 100.0 |   N/A |   N/A | 100.0 |   2.7
               +-------+-------+-------+-------+-------+----------------------

Table legend: (Time is in decaauts)
 A = Elapsed time spent in this place.
 B = Non-inter-level travel time spent in this place.
 C = Inter-level travel time spent in this place.
 D = Time resting spent in this place.
 E = Time spent auto-exploring this place.
 F = Levels seen in this place.
 G = Mean time per level.
                   A        B        C        D        E       F      G
               +--------+--------+--------+--------+--------+-----+--------+
         Total |     99 |     99 |      0 |      0 |      1 |   3 |   33.0 |
         Abyss |     99 |     99 |      0 |      0 |      1 |   3 |   33.0 |
               +--------+--------+--------+--------+--------+-----+--------+

Top non-repeatable levels by time:
 Abyss:1: 44 daAuts
 Abyss:2: 35 daAuts
 Abyss:3: 19 daAuts
